3092 views
Uploaded 2020-02-13 12:42:04
Game version 1.32 / 1.32.1
20:56 long 1on1 ladder game on (2)Amazonia
Saved by Grim
3092 views
Uploaded 2020-02-13 12:42:04
Game version 1.32 / 1.32.1
20:56 long 1on1 ladder game on (2)Amazonia

21 units @ 3.6k
/ 0.6k
16 buildings @ 2.6k
/ 0.9k



| Rod of Necromancy | 3 | 450 |
| Sacrificial Skull | 1 | 50 |
| Potion of Mana | 1 | 200 |
| Orb of Corruption | 1 | 375 |
| Dust of Appearance | 1 | 75 |
| total: | 7 | 1150g |
| Acolyte | 3 | 225 | / | 0 |
| Ghoul | 2 | 240 | / | 0 |
| Crypt Fiend | 8 | 1720 | / | 320 |
| Obsidian Statue | 4 | 800 | / | 140 |
| Banshee | 4 | 620 | / | 120 |
| total: | 21 | 3605g | / | 580w |
| Nerubian Tower | 1 | 100 | / | 20 |
| Crypt | 1 | 200 | / | 50 |
| Altar of Darkness | 1 | 180 | / | 50 |
| Ziggurat | 9 | 1350 | / | 450 |
| Graveyard | 1 | 215 | / | 0 |
| Tomb of Relics | 1 | 130 | / | 30 |
| Necropolis | 1 | 225 | / | 0 |
| Slaughterhouse | 1 | 140 | / | 135 |
| Temple of the Damned | 1 | 155 | / | 140 |
| Halls of the Dead | 1 | 320 | / | 210 |
| Black Citadel | 1 | 325 | / | 230 |
| total: | 16 | 2595g | / | 855w |
| 0:03 | Acolyte |
| 0:06 | Crypt |
| 0:11 | Altar of Darkness |
| 0:16 | Acolyte |
| 0:34 | Ziggurat |
| 0:56 | Graveyard |
| 1:09 | Ghoul |
| 1:24 | Tomb of Relics |
| 1:34 | Ghoul |
| 1:50 | Ziggurat |
| 2:16 | Crypt Fiend |
| 2:17 | Crypt Fiend |
| 2:25 | Death Coil |
| 2:26 | Rod of Necromancy |
| 2:48 | Crypt Fiend |
| 3:19 | Halls of the Dead |
| 3:50 | Unholy Aura |
| 3:52 | Crypt Fiend |
| 4:17 | Crypt Fiend |
| 4:19 | Ziggurat |
| 4:51 | Crypt Fiend |
| 5:11 | Dust of Appearance |
| 5:28 | Rod of Necromancy |
| 5:28 | Sacrificial Skull |
| 5:38 | Ziggurat |
| 6:19 | Slaughterhouse |
| 6:28 | Burrow |
| 7:11 | Crypt Fiend |
| 7:12 | Frost Armor |
| 7:18 | Potion of Mana |
| 7:19 | Rod of Necromancy |
| 7:42 | Obsidian Statue |
| 8:08 | Black Citadel |
| 8:24 | Temple of the Damned |
| 8:45 | Death Coil |
| 9:02 | Obsidian Statue |
| 9:28 | Banshee |
| 9:42 | Banshee |
| 9:44 | Frost Nova |
| 10:39 | Ziggurat |
| 10:57 | Orb of Corruption |
| 11:06 | Ziggurat |
| 11:34 | Howl of Terror |
| 11:41 | Crypt Fiend |
| 11:42 | Banshee |
| 12:35 | Ziggurat |
| 13:01 | Nerubian Tower |
| 13:08 | Acolyte |
| 13:35 | Destroyer Form |
| 13:41 | Cleaving Attack |
| 13:42 | Frost Nova |
| 13:43 | Death Pact |
| 14:05 | Obsidian Statue |
| 14:08 | Banshee Adept Training |
| 14:29 | Ziggurat |
| 14:31 | Ziggurat |
| 15:48 | Creature Attack |
| 16:01 | Howl of Terror |
| 16:13 | Banshee Master Training |
| 16:17 | Obsidian Statue |
| 16:19 | Banshee |
| 16:39 | Dark Ritual |
| 17:16 | Improved Creature Attack |
| 17:21 | Necropolis |
| 17:23 | Death Coil |
| 18:18 | Web |
| 18:33 | Creature Carapace |
| 19:49 | Cleaving Attack |
| Right click | 1684 |
| Select group | 1285 |
| Assign group | 347 |
| Select | 277 |
| Chat | 166 |
| Build/train/purchase | 119 |
| Use ability | 59 |
| Misc. action | 11 |
| Item give/drop | 6 |
| Esc | 1 |
22 units @ 3.3k
/ 0.4k
13 buildings @ 2k
/ 0.8k


| Healing Salve | 6 | 600 |
| Lesser Clarity Potion | 2 | 140 |
| Scroll of Speed | 2 | 100 |
| Potion of Mana | 1 | 200 |
| Scroll of Healing | 1 | 250 |
| Boots of Speed | 1 | 250 |
| Potion of Lesser Invulnerability | 1 | 150 |
| total: | 14 | 1690g |
| Peon | 10 | 750 | / | 0 |
| Grunt | 4 | 800 | / | 0 |
| Spirit Walker | 2 | 390 | / | 70 |
| Raider | 1 | 180 | / | 40 |
| Tauren | 3 | 840 | / | 240 |
| Troll Batrider | 2 | 320 | / | 80 |
| total: | 22 | 3280g | / | 430w |
| Watch Tower | 2 | 220 | / | 160 |
| Altar of Storms | 1 | 180 | / | 50 |
| Orc Burrow | 5 | 800 | / | 200 |
| Barracks | 1 | 180 | / | 50 |
| Voodoo Lounge | 1 | 130 | / | 30 |
| War Mill | 1 | 205 | / | 0 |
| Beastiary | 1 | 145 | / | 140 |
| Tauren Totem | 1 | 135 | / | 155 |
| Stronghold | 1 | 315 | / | 190 |
| Fortress | 1 | 325 | / | 190 |
| total: | 13 | 1995g | / | 785w |
| 0:02 | Peon |
| 0:02 | Peon |
| 0:09 | Altar of Storms |
| 0:18 | Orc Burrow |
| 0:24 | Peon |
| 0:48 | Barracks |
| 0:51 | Peon |
| 0:51 | Peon |
| 1:26 | Voodoo Lounge |
| 1:28 | Peon |
| 1:29 | Peon |
| 1:44 | Peon |
| 1:50 | Orc Burrow |
| 1:53 | Grunt |
| 2:16 | Wind Walk |
| 2:47 | Healing Salve |
| 2:47 | Lesser Clarity Potion |
| 2:48 | Scroll of Speed |
| 2:48 | Healing Salve |
| 2:54 | Stronghold |
| 2:57 | Grunt |
| 3:58 | Grunt |
| 4:00 | Orc Burrow |
| 4:10 | Critical Strike |
| 4:32 | Grunt |
| 5:16 | Boots of Speed |
| 5:27 | Beastiary |
| 5:30 | Tauren Totem |
| 7:23 | Potion of Lesser Invulnerability |
| 7:37 | Spirit Walker |
| 7:39 | Ensnare |
| 7:39 | Raider |
| 7:43 | Scroll of Speed |
| 7:43 | Lesser Clarity Potion |
| 7:47 | Hex |
| 8:16 | War Mill |
| 8:22 | Healing Salve |
| 8:22 | Healing Salve |
| 8:35 | Potion of Mana |
| 8:39 | Peon |
| 8:39 | Peon |
| 9:20 | Fortress |
| 9:24 | Orc Burrow |
| 9:53 | Watch Tower |
| 10:15 | Reinforced Defenses |
| 10:37 | Critical Strike |
| 10:42 | Spirit Walker |
| 11:22 | Watch Tower |
| 11:27 | Healing Wave |
| 11:45 | Scroll of Healing |
| 11:59 | Pulverize |
| 11:59 | Tauren |
| 12:01 | Spirit Walker Adept Training |
| 12:01 | Tauren |
| 12:58 | Healing Salve |
| 12:58 | Healing Salve |
| 13:54 | Tauren |
| 14:34 | Healing Wave |
| 14:51 | Liquid Fire |
| 14:51 | Troll Batrider |
| 14:51 | Troll Batrider |
| 15:01 | Orc Burrow |
| 18:55 | Spiked Barricades |
| Right click | 543 |
| Select group | 404 |
| Misc. action | 241 |
| Select | 177 |
| Chat | 108 |
| Build/train/purchase | 70 |
| Assign group | 28 |
| Use ability | 27 |
| Remove unit | 2 |
| Item give/drop | 1 |